 Dungeon Crawl Stone Soup version 0.25.1-2-g60ff931df9 (webtiles) character file.

Game seed: 11872631225760309880

371 Johnny the Chiller (level 6, -7/48 HPs)
             Began as a Demigod Ice Elementalist on Sept 3, 2020.
             Killed by divine providence
             ... invoked by an orc priest
              (13 damage)
             ... on level 4 of the Dungeon.
             The game lasted 00:03:53 (4703 turns).

Johnny the Chiller (Demigod Ice Elementalist)       Turns: 4703, Time: 00:03:54

Health: -7/48      AC:  3    Str: 11    XL:     6   Next: 18%
Magic:  14/14      EV: 12    Int: 23    God:
Gold:   199        SH:  5    Dex: 16    Spells: 7/11 levels left

rFire    + . .     SeeInvis .   g - +0 dagger (venom)
rCold    + + +     Gourm    .   (no shield)
rNeg     + . .     Faith    .   a - +0 robe
rPois    +         Spirit   .   l - +0 helmet
rElec    +         Reflect  +   d - scarf {rC+ rF+}
rCorr    +         Harm     .   (no gloves)
MR       .....                  (no boots)
Stlth    ++........             r - amulet of reflection
HPRegen  0.16/turn              b - ring of ice
MPRegen  0.14/turn              i - ring of positive energy

@: resistant, berserk cooldown, slowed, very slow
A: high mp 1
a: no special abilities


You were on level 4 of the Dungeon.
You were hungry.

You visited 1 branch of the dungeon, and saw 4 of its levels.

You collected 199 gold pieces.

Inventory:

Hand Weapons
 g - a +0 dagger of venom (weapon)
Missiles
 t - a throwing net (quivered)
Armour
 a - a +0 robe (worn)
 d - a scarf of resistance (worn)
 l - a +0 helmet (worn)
Jewellery
 b - a ring of ice (left hand)
 i - a ring of positive energy (right hand)
 r - an amulet of reflection (around neck)
Wands
 u - a wand of acid (5)
Scrolls
 e - 4 scrolls of remove curse
 f - a scroll of amnesia {unknown}
 h - a scroll of random uselessness {unknown}
 m - a scroll of fog {unknown}
 n - 2 scrolls of noise {unknown}
 o - 2 scrolls of teleportation {unknown}
 q - 3 scrolls of identify {unknown}
 w - a scroll of fear {unknown}
Potions
 j - a potion of haste {unknown}
 k - a potion of magic {unknown}
 p - 2 potions of resistance
 s - a potion of degeneration {unknown}
 v - a potion of ambrosia {unknown}
 z - a potion of curing {unknown}
 A - a potion of berserk rage
Comestibles
 c - 7 rations


   Skills:
 + Level 2.2 Fighting
 - Level 1.7 Dodging
 - Level 1.7 Stealth
 + Level 3.3 Spellcasting
 * Level 5.8 Ice Magic


You had 7 spell levels left.
You knew the following spells:

 Your Spells              Type           Power        Failure   Level  Hunger
a - Freeze                Ice            ####         1%          1    None
b - Frozen Ramparts       Ice            #####.       3%          3    ###....

Your spell library contained the following spells:

 Spells                   Type           Power        Failure   Level  Hunger
 Ozocubu's Armour         Chrm/Ice       ####....     11%         3    ###....
 Hailstorm                Conj/Ice       ####....     34%         4    ####...
 Summon Ice Beast         Ice/Summ       ####....     34%         4    ####...


Dungeon Overview and Level Annotations

Branches:
Dungeon (4/15)
 Temple: D:4-7


Innate Abilities, Weirdness & Mutations

You have an increased reservoir of magic. (+10% MP)


Message History

It was a potion of berserk rage.
A red film seems to cover your vision as you go berserk!
You feel yourself moving faster!
You feel mighty! The orc wizard barely misses you.
Unknown command.
Unknown command.
You feel a strong urge to attack something.
The orc wizard gestures at you while chanting.
The puff of frost misses you.
You feel your anger nearly subside.
The orc wizard begins to cast a cantrip, but forgets the words!
Your blood rage is quickly leaving you.
You are no longer berserk.
You are exhausted.
You feel yourself slow down.
There is an escape hatch in the ceiling here.
You can't go down here!
The hound barely misses you.
The orc priest mumbles some strange prayers to Beogh against you.
Beogh smites you!
You die...

#.........# ......
#.........#####..#.
#.......?.?..###.##
#.....?..!.... ....
.. #.........# ###.#
..####+#####.....#
........####.....#
...........#.....#
.........@h#.....#
............o....#
........##....o..#
........##....##....
......)..#....'......
.........#....##.##.#
########.........##.#
#. ####............
#.
...#.............#.


You could see a hound, an orc priest and an orc wizard.

Vanquished Creatures
  A scorpion (D:4)
  An orc priest (D:4)
  A hound (D:4)
  An iguana (D:4)
  Robin (D:3)
  7 gnolls
  3 adders
  3 oozes
  2 worms (D:2)
  3 leopard geckos
  7 orcs
  A ball python (D:4)
  9 bats
  4 giant cockroaches
  15 goblins
  13 hobgoblins
  8 jackals
  A quokka (D:4)
  5 frilled lizards
  7 kobolds
  5 rats
98 creatures vanquished.

Notes
Turn   | Place    | Note
-------+----------+-------------------------------------------
     0 | D:1      | Johnny the Demigod Ice Elementalist began the quest for the
                  | Orb.
     0 | D:1      | Reached XP level 1. HP: 14/14 MP: 5/5
   629 | D:1      | Reached XP level 2. HP: 18/20 MP: 2/7
   631 | D:1      | Reached skill level 4 in Ice Magic
  1656 | D:2      | Reached XP level 3. HP: 19/26 MP: 9/9
  2361 | D:2      | Learned a level 3 spell: Frozen Ramparts
  2627 | D:3      | Noticed Robin
  2629 | D:3      | Killed Robin
  2629 | D:3      | Reached XP level 4. HP: 34/34 MP: 5/10
  2796 | D:3      | Reached skill level 1 in Fighting
  2976 | D:3      | Reached skill level 5 in Ice Magic
  3092 | D:3      | Reached XP level 5. HP: 32/40 MP: 6/12
  4314 | D:4      | Reached XP level 6. HP: 19/48 MP: 11/13
  4703 | D:4      | Killed from afar by an orc priest

Illustrated notes

Levels and vault maps discovered:
D:1:      dpeg_arrival_central, layout_rooms, hex_medium, corexii_hall_statues_u
D:2:      layout_loops_ring, small_statue_intersection, hangedman_decor_opposing
D:3:      layout_basic, minmay_misc_feat_columns,
          chequers_serial_rivers_small_3, uniq_robin
D:4:      layout_basic, first_ration

Skill      XL: |  1  2  3  4  5 |
---------------+----------------+-----
Spellcasting   | 2 3 |  3.3
Ice Magic      | 4 5 |  5.8
Fighting       | 1 2 |  2.2
Dodging        | |  1.7
Stealth        | |  1.7

Action                   |  1- 3 |  4- 6 || total
-------------------------+-------+-------++-------
Melee: Unarmed           |    17 |       ||    17
       Dagger            |    87 |   128 ||   215
 Cast: Freeze            |    23 |    11 ||    34
       Frozen Ramparts   |     1 |     4 ||     5
Evoke: Wand              |       |     1 ||     1
  Use: Scroll            |       |     1 ||     1
       Potion            |       |     2 ||     2
 Stab: Sleeping          |     4 |     3 ||     7
  Eat: Chunk             |     5 |     7 ||    12
Armor: Robe              |    13 |    27 ||    40
Dodge: Dodged            |    69 |    98 ||   167
Block: Other             |    10 |    37 ||    47
       Reflection        |       |     1 ||     1
